 Dungeon Crawl Stone Soup version 0.29.1-2-gbd0b4ee654 (webtiles) character file.

Game seed: 12952939287682043490

142 qeuew the Sneak (level 5, -7/35 HPs)
             Began as an Octopode Brigand on Nov 3, 2022.
             Mangled by a gnoll
             ... wielding a +0 flail
              (11 damage)
             ... on level 3 of the Dungeon.
             The game lasted 00:03:25 (2921 turns).

qeuew the Sneak (Octopode Brigand)                  Turns: 2921, Time: 00:03:26

Health: -7/35      AC:  1    Str: 11    XL:     5   Next: 25%
Magic:  5/5        EV: 13    Int: 13    God:
Gold:   112        SH:  0    Dex: 15    Spells: 4/4 levels left

rFire   . . .      SeeInvis .   l - +1 dagger (venom)
rCold   . . .      Faith    .   (no shield)
rNeg    . . .      Spirit   .   (helmet restricted)
rPois   .          Reflect  .   (no amulet)
rElec   .          Harm     .   (no ring)
rCorr   .          Rampage  .   (no ring)
Will    .....                   (no ring)
Stlth   ++++......              (no ring)
HPRegen 0.11/turn               (no ring)
MPRegen 0.09/turn               (no ring)
                                (no ring)
                                (no ring)

@: no status effects
A: almost no armour, amphibious, 8 rings, camouflage 1, gelatinous body 1,
(nimble swimmer 1), tentacles
a: no special abilities


You were on level 3 of the Dungeon.
You visited 1 branch of the dungeon, and saw 3 of its levels.

You collected 112 gold pieces.

Inventory:

Hand Weapons
 l - a +1 dagger of venom (weapon)
Missiles
 b - 13 poisoned darts (quivered)
 c - 3 curare-tipped darts
Jewellery
 a - a +4 ring of protection
Scrolls
 d - a scroll of identify
 f - 2 scrolls of blinking
Potions
 e - 2 potions of haste
 g - a potion of curing {unknown}
 i - a potion of invisibility
 n - 5 potions of heal wounds


   Skills:
 + Level 2.3 Fighting
 * Level 3.0 Short Blades
 * Level 2.6 Throwing
 * Level 2.0 Dodging
 + Level 6.8 Stealth


You had 4 spell levels left.
You didn't know any spells.
Your spell library contained the following spells:

 Spells                   Type           Power      Damage    Failure   Level
 Sting                    Tmut/Pois      0%         1d3       30%         1
 Summon Small Mammal      Summ           0%         N/A       30%         1
 Poisonous Vapours        Pois/Air       0%         N/A       43%         2
 Call Canine Familiar     Summ           0%         N/A       67%         3
 Summon Guardian Golem    Hex/Summ       0%         N/A       67%         3
 Olgreb's Toxic Radiance  Pois           0%         N/A       97%         4


Dungeon Overview and Level Annotations

Branches:
Dungeon (3/15)

Altars:

Shops:
D:1 ((

Annotations:
D:3 1 runed translucent door, Crazy Yiuf


Innate Abilities, Weirdness & Mutations

You cannot wear most types of armour.
You are amphibious.
You can wear up to eight rings at the same time.
Your skin changes colour to match your surroundings (Stealth+).
Your rubbery body absorbs attacks. (AC +1, EV +1)
((You are camouflaged when in or above water. (Stealth+)))
You have tentacles for arms and can constrict up to eight enemies at once.


Message History

The gnoll moves out of view.
A gnoll comes into view. It is wielding a +0 halberd.
The gnoll moves out of view.
A gnoll is nearby!
There are monsters nearby!
You barely miss the gnoll.
The gnoll shouts! x3
Your grab misses the gnoll.
You hear a shout!
The gnoll hits you with a +0 halberd!
You hit the gnoll.
The gnoll is poisoned.
Your grab misses the gnoll. You squeeze the gnoll.
The gnoll is moderately wounded.
The gnoll hits you from afar with a +0 halberd.
The gnoll barely misses you.
You closely miss the gnoll. Your grab misses the gnoll.
Your squeeze misses the gnoll.
The gnoll is moderately wounded.
You hit the gnoll. You grab the gnoll.
The gnoll is heavily wounded.
You constrict the gnoll. The gnoll misses you.
The gnoll hits you from afar with a +0 halberd.
You are too injured to fight recklessly!
You are too injured to fight recklessly!
You release your grip on the gnoll.
The gnoll closely misses you. The gnoll misses you.
You kill the gnoll!
There is a stone staircase leading down here.
The gnoll barely misses you.
You hit the gnoll.
The gnoll is poisoned.
You grab the gnoll. You squeeze the gnoll!
The gnoll is heavily wounded.
You constrict the gnoll. The gnoll hits you with a +0 halberd!
* * * LOW HITPOINT WARNING * * *
You hit the gnoll but do no damage.
The gnoll looks as sick as possible!
The gnoll is heavily wounded.
You constrict the gnoll.
You kill the gnoll!
The gnoll hits you with a +0 flail!
You die...

♣♣♣.......# #.......#
.♣.P....#.###.......#
♣.♣.P#.##...+.......#
♣♣♣♣♣####.###.......#
#.# #.......# ### #.#
#.......# #.#
#.###.......####
##.######.#....g.......#
.).............>@......#
##.######...._.....)...#
#...#####..............#
..........#............#
#...##...#.#.....#######
.#..##..#.[#.....#
..#....#...#.....#
...#..#....+.....#
#..##..##.#.....#


You could see a gnoll.

Vanquished Creatures
  Jessica (D:2)
  Terence (D:2)
  2 gnolls (D:3)
  2 adders (D:2)
  3 worms
  2 dart slugs
  An orc (D:3)
  2 giant cockroaches
  4 goblins
  4 hobgoblins
  10 jackals
  5 kobolds
  3 quokkas
  2 ball pythons (D:1)
  3 bats (D:2)
  4 rats
49 creatures vanquished.

Notes
Turn   | Place    | Note
-------+----------+-------------------------------------------
     0 | D:1      | qeuew the Octopode Brigand began the quest for the Orb.
     0 | D:1      | Reached XP level 1. HP: 14/14 MP: 1/1
   352 | D:1      | Found Gush's Antique Weapon Shoppe.
   352 | D:1      | Found Ysiy's Weapon Boutique.
   394 | D:1      | Reached XP level 2. HP: 14/19 MP: 2/2
   817 | D:1      | You fall into a shaft and drop 1 floor!
   984 | D:2      | Reached XP level 3. HP: 23/24 MP: 3/3
  1070 | D:2      | Reached skill level 6 in Stealth
  1079 | D:2      | Noticed Terence
  1095 | D:2      | Killed Terence
  1096 | D:2      | Reached XP level 4. HP: 9/29 MP: 4/4
  1546 | D:2      | Noticed Jessica
  1551 | D:2      | Killed Jessica
  2113 | D:1      | Reached XP level 5. HP: 26/35 MP: 5/5
  2702 | D:3      | Found a faded altar of an unknown god.
  2872 | D:3      | Found a runed translucent door.
  2873 | D:3      | Noticed Crazy Yiuf
  2921 | D:3      | Mangled by a gnoll

Illustrated notes

Levels and vault maps discovered:
D:1:      dpeg_arrival_line_fractal, layout_basic, serial_shops,
          nicolae_shop_window_shopping, nicolae_shop_advertising_works
          [nicolae_subvault_shop_adworks], serial_glass, glass_columns_a,
          glass_columns_a, hangedman_decor_clover_reticule, minmay_heptomino_h4
D:2:      layout_loops_ring, minmay_misc_feat_x, minmay_crystal_room,
          feat_on_display, uniq_terence, uniq_jessica
D:3:      layout_basic, basic_ecumenical_altar, minivault_26,
          uniq_crazy_yiuf_cottage, uniq_grinder

Skill      XL: |  1  2  3  4  5 |
---------------+----------------+-----
Stealth        | 6 |  6.8
Dodging        | 2 |  2.0
Short Blades   | 3 |  3.0
Fighting       | |  2.3
Throwing       | |  2.6

Action                   |  1- 3 |  4- 6 || total
-------------------------+-------+-------++-------
Melee: Dagger            |    43 |    51 ||    94
       Constrict         |    17 |    10 ||    27
       Tentacles         |    11 |    11 ||    22
       Punch             |       |     1 ||     1
  Use: Scroll            |       |     9 ||     9
       Potion            |       |     2 ||     2
 Stab: Sleeping          |     3 |    11 ||    14
Armor: Skin              |     3 |     2 ||     5
Dodge: Dodged            |    25 |    26 ||    51
